 Dungeon Sprint DCSS version 0.24.0-1-gfbc8707 (webtiles) character file.

Game seed: 4988948305570378024, levelgen mode: deterministic

3700000 Fang the Conqueror (level 24, -16/227 HPs)
             Began as a Demonspawn Gladiator on Oct 25, 2019.
             Was the Champion of Makhleb.
             Demolished by a sculptor of flesh
             ... wielding a +9 great sword
              (234 damage)
             ... in the Dungeon (Sprint VIII: "Arena of Blood").
             The game lasted 00:01:26 (37 turns).

Fang the Conqueror (Demonspawn Gladiator)             Turns: 37, Time: 00:01:27

Health: -16/227    AC:  6    Str: 25    XL:     24   Next: 35%
Magic:  0/54       EV: 33    Int: 10    God:    Makhleb [******]
Gold:   0          SH:  0    Dex: 16    Spells: 77/77 levels left

rFire    . . .     SeeInvis .   l - +∞ Axe of Woe
rCold    . . .     Gourm    .   (shield currently unavailable)
rNeg     + . .     Faith    .   b - +0 leather armour
rPois    .         Spirit   +   (helmet unavailable)
rElec    .         Reflect  .   (no cloak)
rCorr    .         Harm     .   (no gloves)
MR       +....     NoTele   +   (no boots)
Stlth    +++++++++.             (no amulet)
HPRegen  10.47/turn             (no ring)
MPRegen  0.68/turn              (no ring)

@: no status effects
A: horns 3, negative energy resistance 1, powered by death 2, 50% torment
resistance, magic shield, magic regeneration, magic link, sturdy frame 3
a: Minor Destruction, Lesser Servant of Makhleb, Major Destruction, Greater
Servant of Makhleb, Renounce Religion


You were in the Dungeon.
You worshipped Makhleb.
Makhleb was exalted by your worship.
You were not hungry.

You visited 1 branch

Inventory:

Hand Weapons
 a - a +0 war axe
 l - the +∞ Axe of Woe (weapon)
   (You found it in the Dungeon)
Missiles
 d - 3 throwing nets (quivered)
Armour
 b - a +0 leather armour (worn)
 c - a +0 helmet
Scrolls
 k - a scroll of blinking
Potions
 e - a potion of curing
 g - a potion of heal wounds
 h - a potion of haste
 i - 2 potions of magic
 j - a potion of berserk rage
Comestibles
 f - a ration


   Skills:
 O Level 27 Fighting
 O Level 27 Axes
 O Level 27 Throwing
 O Level 27 Armour
 O Level 27 Dodging
 O Level 27 Stealth
 O Level 27 Unarmed Combat
 O Level 27 Spellcasting
 O Level 27 Invocations


You had 77 spell levels left.
You didn't know any spells.
Your spell library was empty.

Dungeon Overview and Level Annotations

Branches:
Dungeon (1/1)

Altars:
Makhleb


Innate Abilities, Weirdness & Mutations

You have a pair of large horns on your head.
You resist negative energy. (rN+)
You regenerate health from kills.
You are somewhat able to resist unholy torments (1 in 2 success).
When hurt, damage is shared between your health and your magic reserves.
You regenerate magic rapidly.
When low on magic, you restore magic in place of health.
Your movements are significantly less encumbered by armour. (ER -6)


Message History

Press < or > to pray at altars.
No reachable target in view!
No reachable target in view!
Unknown command.
Press < or > to pray at altars.
Really walk into that cloud of flame?
An orc and a two-headed ogre come into view.
The destroyer appears out of thin air!
A destroyer comes into view.
It is wielding a +9 great sword of slicing.
You are engulfed in blazing flames.
A meat berserker comes into view. It is wielding a +9 battleaxe.
You hear a shout! x5
The destroyer blinks!
You hear a shout! x3
Two crawling corpses merge to form a small abomination.
You hear a shout! x2
A crawling corpse comes into view.
The sculptor of flesh hits you with a +9 great sword!!!!!
Ouch! That really hurt!
You die...

#... .# . #o§. ..#
...###... .%###.
........###......
#....V..._......
..... #.§O.%# .
......#_§§○_# ...
......#)§§○.#z....
#....%))§_@z......
......xx###..V.%..
...###X).....###..
.. #.......#
#.......#
..V...O...
.§.....O..o
...........
...........#


You could see 2 destroyers, 2 sculptors of flesh, a large bag of meat (inner
flame), 2 meat berserkers, a small abomination, 2 bags of meat and a crawling
corpse.

Vanquished Creatures
  6 vampire knights (D)
  13 ogres (D)
  2 two-headed ogres (D)
  8 orcs (D)
  A skeletal warrior (D)
  A large abomination (D)
  3 crawling corpses (D)
34 creatures vanquished.

Notes
Turn   | Place    | Note
-------+----------+-------------------------------------------
     0 | D        | Found the +∞ Axe of Woe
     0 | D        | Fang the Demonspawn Gladiator began the quest for the Orb.
     0 | D        | Reached XP level 1. HP: 16/16 MP: 1/1
     2 | D        | Noticed a bag of meat
     3 | D        | Noticed a meat berserker
     4 | D        | Became a worshipper of Makhleb the Destroyer
     5 | D        | Noticed a bag of meat
     7 | D        | Killed a meat berserker
     7 | D        | Reached skill level 15 in Axes
     7 | D        | Reached skill level 15 in Throwing
     7 | D        | Reached skill level 15 in Dodging
     7 | D        | Gained mutation: When hurt, damage is shared between your
                  | health and your magic reserves. [demonic ancestry]
     7 | D        | Reached XP level 2. HP: 46/46 MP: 2/2
     7 | D        | Gained mutation: You have a pair of small horns on your
                  | head. [demonic ancestry]
     7 | D        | Reached XP level 3. HP: 52/52 MP: 3/3
     7 | D        | Reached XP level 4. HP: 59/59 MP: 4/4
     7 | D        | Reached XP level 5. HP: 66/66 MP: 5/5
     7 | D        | Gained mutation: You regenerate magic rapidly. [demonic
                  | ancestry]
     7 | D        | Reached XP level 6. HP: 73/73 MP: 6/6
     7 | D        | Reached XP level 7. HP: 79/79 MP: 7/7
     7 | D        | Gained mutation: You regenerate a little health from kills.
                  | [demonic ancestry]
     7 | D        | Reached XP level 8. HP: 86/86 MP: 8/8
     7 | D        | Gained mutation: You have a pair of horns on your head.
                  | [demonic ancestry]
     7 | D        | Reached XP level 9. HP: 92/92 MP: 9/9
     7 | D        | Reached XP level 10. HP: 100/100 MP: 10/10
     7 | D        | Reached XP level 11. HP: 106/106 MP: 11/11
     7 | D        | Gained mutation: You have a pair of large horns on your
                  | head. [demonic ancestry]
     7 | D        | Reached XP level 12. HP: 113/113 MP: 12/12
     7 | D        | Gained mutation: Your movements are slightly less
                  | encumbered by armour. (ER -2) [demonic ancestry]
     7 | D        | Reached XP level 13. HP: 119/119 MP: 13/13
     7 | D        | Noticed a bag of meat
     9 | D        | Noticed a meat berserker
     9 | D        | Noticed a meat berserker
     9 | D        | Noticed a bag of meat
     9 | D        | Noticed a meat berserker
     9 | D        | Noticed a bag of meat
     9 | D        | Noticed a bag of meat
    11 | D        | Killed a bag of meat
    11 | D        | Reached * piety under Makhleb
    11 | D        | Killed a bag of meat
    11 | D        | Gained mutation: Your movements are less encumbered by
                  | armour. (ER -4) [demonic ancestry]
    11 | D        | Reached XP level 14. HP: 65/133 MP: 6/14
    12 | D        | Killed a meat berserker
    12 | D        | Gained mutation: Your movements are significantly less
                  | encumbered by armour. (ER -6) [demonic ancestry]
    12 | D        | Reached XP level 15. HP: 73/144 MP: 6/15
    13 | D        | Killed a meat berserker
    13 | D        | Reached ** piety under Makhleb
    14 | D        | Killed a meat berserker
    14 | D        | Reached XP level 16. HP: 159/159 MP: 7/16
    14 | D        | Noticed a meat berserker
    16 | D        | Reached *** piety under Makhleb
    16 | D        | Gained mutation: You regenerate health from kills. [demonic
                  | ancestry]
    16 | D        | Reached XP level 17. HP: 169/169 MP: 7/17
    16 | D        | Noticed a meat berserker
    16 | D        | Noticed a meat berserker
    16 | D        | Noticed a meat berserker
    17 | D        | Noticed a meat berserker
    18 | D        | Killed a meat berserker
    18 | D        | Reached skill level 27 in Fighting
    18 | D        | Noticed a meat berserker
    20 | D        | Killed a meat berserker
    20 | D        | Reached **** piety under Makhleb
    20 | D        | Reached skill level 27 in Axes
    20 | D        | Reached skill level 27 in Throwing
    20 | D        | Reached skill level 27 in Dodging
    20 | D        | Reached skill level 1 in Armour
    20 | D        | Reached skill level 1 in Stealth
    20 | D        | Reached skill level 1 in Unarmed Combat
    20 | D        | Reached skill level 1 in Invocations
    20 | D        | Reached XP level 18. HP: 182/182 MP: 7/19
    21 | D        | Noticed a large bag of meat
    21 | D        | Killed a meat berserker
    21 | D        | Gained mutation: You resist negative energy. (rN+) [demonic
                  | ancestry]
    21 | D        | Reached XP level 19. HP: 189/189 MP: 8/31
    21 | D        | Killed a meat berserker
    21 | D        | Reached ***** piety under Makhleb
    21 | D        | Reached skill level 10 in Spellcasting
    21 | D        | Noticed a destroyer
    22 | D        | Killed a meat berserker
    22 | D        | Noticed a meat berserker
    23 | D        | Gained mutation: You are somewhat able to resist unholy
                  | torments (1 in 2 success). [demonic ancestry]
    23 | D        | Reached XP level 20. HP: 197/197 MP: 8/37
    23 | D        | Noticed a destroyer
    24 | D        | Noticed a destroyer
    24 | D        | Noticed a destroyer
    24 | D        | Noticed a meat berserker
    25 | D        | Killed a meat berserker
    25 | D        | Reached skill level 15 in Spellcasting
    25 | D        | Noticed a destroyer
    26 | D        | Noticed a destroyer
    27 | D        | Killed a destroyer
    27 | D        | Killed a large bag of meat
    27 | D        | Reached XP level 21. HP: 204/204 MP: 6/42
    28 | D        | Killed a destroyer
    28 | D        | Reached ****** piety under Makhleb
    28 | D        | Reached skill level 27 in Unarmed Combat
    28 | D        | Noticed a large bag of meat
    30 | D        | Killed a destroyer
    30 | D        | Reached skill level 27 in Spellcasting
    30 | D        | Gained mutation: When low on magic, you restore magic in
                  | place of health. [demonic ancestry]
    30 | D        | Reached XP level 22. HP: 212/212 MP: 6/53
    31 | D        | Reached skill level 27 in Armour
    31 | D        | Reached skill level 27 in Invocations
    31 | D        | Reached skill level 27 in Stealth
    33 | D        | Killed a destroyer
    33 | D        | Reached XP level 23. HP: 219/219 MP: 20/54
    34 | D        | Killed a large bag of meat
    34 | D        | Killed a destroyer
    35 | D        | Killed a destroyer
    35 | D        | Reached XP level 24. HP: 227/227 MP: 24/54
    35 | D        | Noticed a destroyer
    37 | D        | Noticed a large bag of meat
    37 | D        | Demolished by a sculptor of flesh

Levels and vault maps discovered:
D:        meatsprint

Skill      XL: |  1  2  3  4  5  6  7  8  9 10 11 12 13 14 15 16 17 18 19 20 21 22 |
---------------+-------------------------------------------------------------------+-----
Fighting       | 16 19 21 24 25 27 | 27.0
Axes           | 15 18 19 22 23 27 | 27.0
Throwing       | 15 18 19 22 23 27 | 27.0
Dodging        | 15 18 19 22 23 27 | 27.0
Armour         | 1 12 18 23 24 27 | 27.0
Stealth        | 1 12 19 25 27 | 27.0
Unarmed Combat | 1 11 18 23 27 | 27.0
Invocations    | 1 11 17 23 27 | 27.0
Spellcasting   | 8 13 17 27 | 27.0

Action                   |  1- 3 |  4- 6 |  7- 9 | 10-12 | 13-15 | 16-18 | 19-21 | 22-24 || total
-------------------------+-------+-------+-------+-------+-------+-------+-------+-------++-------
Melee: Executioner's axe |     1 |       |       |       |     4 |     6 |     6 |     6 ||    23
Dodge: Dodged            |       |       |       |       |       |     1 |     1 |       ||     2
